 Dungeon Crawl Stone Soup version 0.22-a0-42-g002c468 (webtiles) character file.

574850 MatthieuS the Necromancer (level 25, -26/157 HPs)
             Began as a Deep Elf Venom Mage on Jan 5, 2018.
             Was the Champion of Vehumet.
             Annihilated by a caustic shrike (27 damage)
             ... on level 5 of the Depths.
             The game lasted 05:42:16 (56430 turns).

MatthieuS the Necromancer (Deep Elf Venom Mage)    Turns: 56430, Time: 05:42:17

Health: -26/157    AC:  0    Str: 10    XL:     25   Next: 75%
Magic:  37/62      EV: 20    Int: 31    God:    Vehumet [******]
Gold:   3482       SH: 16    Dex: 15    Spells: 1/64 levels left

rFire    + + +     SeeInvis .   H - +7 dagger of Ravage {flame, *Drain rF+++ MR+ Stlth+}
rCold    + . .     Gourm    .   Y - +3 shield {reflect}
rNeg     + + .     Faith    .   B - +2 robe {Archmagi}
rPois    +         Spirit   .   O - +0 Maxwell's etheric cage {RegenMP+ *Contam rElec MP+4}
rElec    +         Reflect  +   v - +0 cloak "Daorch" {*Corrode rElec rPois}
rCorr    .         Harm     .   u - +2 pair of gloves {Str+3}
MR       +++++     Clarity  +   G - +1 pair of boots
Stlth    ++++......             h - amulet of the Four Winds {rN+ MR+++ Clar}
HPRegen  0.36/turn              Q - ring of Ofis {rC+ rN+} MPRegen 0.88/turn*
                                E - ring of magical power

@: corroded
A: deformed body, dopey 1, screaming 1, strong 1
}: 3/15 runes: serpentine, barnacled, silver
a: Renounce Religion


You were on level 5 of the Depths.
You worshipped Vehumet.
Vehumet was exalted by your worship.
You were not hungry.

You visited 8 branches of the dungeon, and saw 42 of its levels.
You also visited: Labyrinth, Bailey and Ice Cave.

You collected 6036 gold pieces.
You spent 2554 gold pieces at shops.

Inventory:

Hand Weapons
 H - the +7 dagger of Ravage (weapon) {flame, *Drain rF+++ MR+ Stlth+}
   (You found it on level 5 of the Vaults)

   It has been specially enchanted to burn those struck by it, causing extra
   injury to most foes and up to half again as much damage against particularly
   susceptible opponents.
   It renders you almost immune to fire.
   It affects your resistance to hostile enchantments.
   It causes draining when unequipped.
   It makes you more stealthy.
 M - a +3 quick blade
Missiles
 b - 15 throwing nets (quivered)
Armour
 u - a +2 pair of gloves of strength (worn)
 v - the +0 cloak "Daorch" (worn) {*Corrode rElec rPois}
   (You acquired it on level 2 of the Orcish Mines)

   It insulates you from electricity.
   It protects you from poison.
   It may corrode you when you take damage.
 B - a +2 robe of the Archmagi (worn)
 G - a +1 pair of boots (worn)
 O - the +0 Maxwell's etheric cage (worn) {RegenMP+ *Contam rElec MP+4}
   (You found it on level 4 of the Lair of Beasts)

   It insulates you from electricity.
   It affects your magic capacity (+4).
   It causes magical contamination when unequipped.
 Y - a +3 shield of reflection (worn)
Magical Staves
 a - an uncursed staff of death
 e - an uncursed staff of power
 w - an uncursed staff of wizardry
Jewellery
 h - the amulet of the Four Winds (around neck) {rN+ MR+++ Clar}
   (You found it on level 4 of the Shoals)

   [amulet of nothing]

   It protects you from negative energy.
   It affects your resistance to hostile enchantments.
   It protects you against confusion.
 j - the ring of Sobeemara {rF+ rC+ Int+3, unknown}
   (You took it off a yaktaur on level 3 of the Depths)

   [ring of protection from fire]

   It affects your intelligence (+3).
   It protects you from fire.
   It protects you from cold.
 C - the ring "Luluntall" {+Fly MR++ Slay-5 Stlth+}
   (You acquired it on level 4 of the Vaults)

   [ring of stealth]

   It affects your accuracy and damage with ranged weapons and melee attacks
   (-5).
   It affects your resistance to hostile enchantments.
   It lets you fly.
   It makes you more stealthy.
 D - a +5 ring of evasion
 E - a ring of magical power (right hand)
 K - an uncursed ring of wizardry {unknown}
 Q - the ring of Ofis (left hand) {rC+ rN+}
   (You took it off a naga mage on level 4 of the Snake Pit)

   [ring of positive energy]

   It protects you from cold.
   It protects you from negative energy.
 Z - a +5 amulet of reflection
Wands
 n - a wand of clouds (14)
 F - a wand of digging (46)
 N - a wand of scattershot (6)
 T - a wand of acid (21)
Scrolls
 d - 18 scrolls of teleportation
 f - 2 scrolls of fear
 i - a scroll of summoning
 k - 8 scrolls of magic mapping
 o - 5 scrolls of fog
 y - a scroll of amnesia
 L - 11 scrolls of identify
 S - 2 scrolls of holy word
 U - 12 scrolls of remove curse
Potions
 g - 5 potions of haste
 l - 14 potions of curing
 m - 8 potions of flight
 p - 4 potions of resistance
 s - 5 potions of mutation
 x - 10 potions of brilliance
 z - 4 potions of cancellation
 I - 3 potions of heal wounds
 J - 2 potions of agility
 R - a potion of ambrosia
Books
 P - the Tome of Doomed Conjuration
   (You found it on level 4 of the Depths)

   Spells                             Type                      Level
   a - Dazzling Spray                 Conjuration/Hexes            3
   b - Conjure Flame                  Conjuration/Fire             3
   c - Vampiric Draining              Necromancy                   3
   d - Iskenderun's Mystic Blast      Conjuration                  4
   e - Agony                          Necromancy                   5
Miscellaneous
 q - a fan of gales (inert)
 t - a phial of floods
 A - a lamp of fire
 X - 2 sacks of spiders
Comestibles
 c - 37 rations
 r - 5 chunks of flesh


   Skills:
 - Level 16.0 Fighting
 - Level 9.4 Armour
 + Level 11.1 Dodging
 - Level 5.4 Stealth
 - Level 15.0 Shields
 - Level 20.0 Spellcasting
 - Level 18.4 Conjurations
 - Level 8.2 Hexes
 - Level 3.0 Charms
 - Level 20.2 Necromancy
 * Level 11.0 Transmutations
 - Level 17.4 Fire Magic
 - Level 9.0 Poison Magic


You had one spell level left.
You knew the following spells:

 Your Spells              Type           Power        Failure   Level  Hunger
a - Fireball              Conj/Fire      ########..   0%          5    None
b - Poison Arrow          Conj/Pois      ########..   1%          6    None
c - Orb of Destruction    Conj           ########..   1%          7    ###....
d - Cause Fear            Hex            #######...   1%          4    None
e - Ignition              Fire           ########..   1%          8    #####..
f - Necromutation         Tmut/Necr      ########..   12%         8    #####..
g - Apportation           Tloc           #####.       1%          1    None
h - Agony                 Necr           ########     0%          5    None
i - Dazzling Spray        Conj/Hex       ######       0%          3    None
k - Flame Tongue          Conj/Fire      #####        0%          1    None
l - Stone Arrow           Conj/Erth      ######       1%          3    None
m - Corona                Hex            #######      1%          1    None
n - Infestation           Necr           ########..   1%          8    #####..
p - Regeneration          Chrm/Necr      ########..   1%          3    None


Dungeon Overview and Level Annotations

Branches:
Dungeon (15/15)            Temple (1/1) D:7            Lair (6/6) D:8
 Shoals (4/4) Lair:4        Snake (4/4) Lair:2        Slime (0/5) Lair:6
    Orc (2/2) D:10            Elf (0/3) Orc:2        Vaults (5/5) D:14
  Crypt (0/3) Vaults:3     Depths (5/5) D:15
    Zot: Depths:5

Altars:
Cheibriados
Dithmenos
Fedhas
Gozag
Kikubaaqudgha
Makhleb
Nemelex Xobeh
Okawaru
Qazlal
Ru
Sif Muna
Uskayaw
Vehumet
The Shining One
Beogh
Jiyva

Shops:
D:8 [   D:11 !   Orc:1 *   Orc:2 %}?[(   Shoals:1 =   Snake:2 }=}   Vaults:3 ?
Vaults:4 =

Portals:
Hell: Depths:1 Depths:2 Depths:3 Depths:4
Abyss: Depths:3 Depths:4
Pandemonium: Orc:2 Depths:2 Depths:3
Ziggurat: Depths:1
Trove: Vaults:2 (give +2 shadow dragon scales)


Innate Abilities, Weirdness & Mutations

Armour fits poorly on your strangely shaped body.
You are dopey. (Int -2)
You occasionally shout uncontrollably at your foes.
Your muscles are strong. (Str +2)


Message History

The caustic shrike claws you!
Your corrosive artefact corrodes you!
The acid corrodes you!
You are splashed with acid!
The acid burns!
The caustic shrike closely misses you. The caustic shrike claws you!!
The acid corrodes you!
You are splashed with acid!
The acid burns!
The caustic shrike claws you!!
You are splashed with acid!
The acid burns!
Okay, then.
Press: ? - help, v - describe, . - travel
Here: a caustic shrike (severely wounded)
The floor.
Evoke which item? (* to show all) (? for menu, Esc to quit)
A fierce wind blows from the fan.
The caustic shrikes are blown away by the wind.
The stone giant throws a large rock.
The large rock hits you!!!
* * * LOW HITPOINT WARNING * * *
The caustic shrike claws you.
* * * LOW HITPOINT WARNING * * *
You are splashed with acid!
The acid burns!
* * * LOW HITPOINT WARNING * * *
The caustic shrike claws you!!
You die...

#####....
........#
........#
.(......#
........#
.......b#
....C.bb#
.....bb@#
#########


You could see 5 caustic shrikes and a stone giant.

Vanquished Creatures
  Mara (Depths:1)
  2 ancient liches (Vaults:5)
  2 juggernauts
  Sojobo (Depths:2)
  Margery (Depths:3)
  Vashnia (Snake:3)
  Frederick (Depths:4)
  6 golden dragons
  3 liches
  The ghost of Yaldabaoth the Severer, an adept MiBe of Trog (Shoals:4)
  2 Ice Fiends (IceCv)
  Rupert (D:12)
  3 tentacled monstrosities
  4 titans (Vaults:5)
  2 quicksilver dragons
  6 sphinxes
  Gastronok (Lair:2)
  Roxanne (Snake:1)
  Kirke (D:15)
  7 shadow dragons
  Agnes (Snake:2)
  6 storm dragons
  Donald (Shoals:4)
  Ilsuiw (Shoals:4)
  14 nagarajas
  9 tengu reavers
  A deep elf sorcerer (Vaults:5)
  15 fire giants
  Aizul (Snake:1)
  An orc warlord (Orc:2)
  10 frost giants
  13 vault wardens
  2 spriggan defenders (Depths:3)
  An iron dragon (Vaults:5)
  21 ironheart preservers
  A draconian annihilator (Depths:4)
  26 very ugly things
  The ghost of RedSky the Covert, a journeyman KoHu of Gozag (D:12)
  3 vampire knights
  Nessos (D:13)
  3 war gargoyles
  An entropy weaver (shapeshifter) (Vaults:5)
  18 stone giants
  A juggernaut skeleton (Depths:2)
  2 deep elf demonologists (Vaults:5)
  3 deep elf annihilators (Depths:4)
  5 spark wasps (Depths:3)
  6 statues (Depths:4)
  15 ettins
  Snorg (D:10)
  Josephine (D:10)
  9 merfolk impalers
  10 merfolk javelineers
  6 crystal guardians (Depths:2)
  A minotaur (Lab)
  5 deep elf high priests
  15 yaktaur captains
  6 fire dragons
  25 vault guards
  A minotaur (shapeshifter) (Vaults:5)
  Fannar (D:10)
  7 rakshasas
  7 great orbs of eyes
  32 naga warriors
  7 ice dragons
  Erolcha (Orc:1)
  11 centaur warriors
  6 hydras
  2 spriggan air magi
  A catoblepas (Lair:5)
  50 two-headed ogres
  2 alligator snapping turtles
  8 anacondas
  2 merfolk avatars (Shoals:4)
  10 death yaks
  A satyr (Shoals:3)
  2 death knights
  6 merfolk aquamancers
  A tengu warrior (Depths:1)
  15 ogre magi
  6 deep troll shamans
  11 deep troll earth magi
  A vampire mage (Vaults:3)
  9 orc high priests (Orc:2)
  8 shock serpents
  The ghost of Caerwyn the Martial Artist, a novice OpTm of Ru (D:8)
  5 spriggan berserkers
  16 naga sharpshooters
  6 deep elf knights
  2 shadow wraiths (Vaults:3)
  Nergalle (Lair:1)
  A titan skeleton (Depths:2)
  Sonja (Lair:1)
  5 hell knights (Depths:3)
  3 salamander mystics
  3 iron trolls (Depths:3)
  4 skeletal warriors (Vaults:1)
  A death drake (shapeshifter) (Vaults:2)
  9 naga ritualists
  3 glowing orange brains
  An infernal demonspawn (Orc:2)
  15 sea snakes
  2 flayed ghosts
  A golden dragon zombie (Depths:2)
  A gelid demonspawn (Orc:2)
  34 deep trolls
  An unseen horror (Vaults:1)
  7 phantasmal warriors
  4 deep elf archers
  8 wizards
  An orange crystal statue (Depths:2)
  10 harpies
  8 necromancers
  17 orc knights
  2 wolf spiders
  Pikel (D:8)
  A golden dragon skeleton (Depths:2)
  2 oklob plants
  20 ugly things
  13 deep elf magi
  11 ironbrand convokers
  A frost giant zombie (Vaults:4)
  10 orc sorcerers
  12 salamanders
  A shining eye (Depths:1)
  A manticore (shapeshifter) (Vaults:5)
  12 mana vipers
  A sphinx zombie (Depths:2)
  2 fire giant zombies
  A faun (shapeshifter) (Depths:3)
  6 cyclopes
  A stone giant zombie (Depths:2)
  14 fauns
  18 manticores
  27 black mambas
  9 guardian serpents
  14 naga magi
  Joseph (D:8)
  12 vault sentinels
  A fire giant skeleton (Depths:2)
  A stone giant skeleton (Depths:1)
  A spiny frog (shapeshifter) (Depths:1)
  7 water nymphs
  A black mamba (shapeshifter) (Vaults:2)
  3 merfolk sirens
  3 rust devils (Orc:2)
  25 elephants
  3 human zombies
  2 guardian serpents (shapeshifter)
  2 eyes of devastation (Depths:1)
  4 ice statues
  21 spiny frogs
  4 centaur skeletons
  A torpor snail (Lair:5)
  A rime drake (Lair:5)
  A yaktaur zombie (Depths:1)
  6 komodo dragons
  60 yaktaurs
  6 freezing wraiths
  A yaktaur (shapeshifter) (Vaults:1)
  19 ice devils
  An efreet (D:14)
  A komodo dragon (shapeshifter) (Vaults:2)
  3 tengu conjurers
  11 trolls
  5 tyrant leeches (Lair:6)
  A hornet (shapeshifter) (D:13)
  A troll (shapeshifter) (Vaults:4)
  32 merfolk
  4 polar bears
  4 queen bees (shapeshifter)
  3 hornets
  A wind drake (shapeshifter) (Vaults:2)
  A blink frog (shapeshifter) (Depths:3)
  A wolf spider simulacrum (D:15)
  6 slime creatures
  A sphinx simulacrum (Depths:2)
  A hippogriff (shapeshifter) (Depths:1)
  8 wind drakes
  6 snapping turtles
  17 blink frogs
  15 hippogriffs
  2 dream sheep (D:8)
  A stone giant simulacrum (Depths:1)
  A frost giant simulacrum (Vaults:2)
  3 air elementals (Depths:2)
  18 water elementals
  9 wraiths
  5 wyverns
  A ynoxinul (Orc:2)
  A redback (shapeshifter) (Vaults:5)
  35 yaks
  2 shadows
  A hog (shapeshifter) (Vaults:2)
  A yak (shapeshifter) (Vaults:4)
  A fire bat (shapeshifter) (Depths:3)
  6 large abominations
  A hungry ghost (D:11)
  5 hogs (D:15)
  Grum (Lair:1)
  7 basilisks
  2 steam dragons
  An elf skeleton (Vaults:4)
  A basilisk (shapeshifter) (D:13)
  9 vampire mosquitoes
  A warg (shapeshifter) (Depths:3)
  4 wargs
  2 soldier ants
  2 human skeletons
  7 small abominations (D:11)
  62 nagas
  3 acid dragons
  9 water moccasins
  Duvessa (D:5)
  6 porcupines
  A floating eye (Depths:3)
  55 orc warriors
  A black bear (Lair:2)
  2 eyes of draining
  6 sky beasts
  2 slaves (D:8)
  3 phantoms
  8 ice beasts
  2 necrophages
  13 wolves
  34 ogres
  An ogre (shapeshifter) (Vaults:4)
  7 boggarts
  8 centaurs
  8 crocodiles
  5 big kobolds
  30 bullfrogs
  A bullfrog (shapeshifter) (Vaults:1)
  8 gnoll sergeants (Bailey)
  A glowing shapeshifter simulacrum (Vaults:2)
  Dowan (D:5)
  A deep troll simulacrum (Vaults:2)
  A wyvern zombie (D:11)
  6 scorpions
  An elf simulacrum (Vaults:2)
  9 wights
  5 electric eels
  4 howler monkeys
  7 crimson imps
  8 hounds
  A human simulacrum (Vaults:2)
  19 jellies
  9 centaur zombies
  A bullfrog zombie (D:9)
  26 orc priests
  A bullfrog skeleton (D:7)
  6 gnoll shamans (Bailey)
  Ijyb (D:5)
  6 iguanas
  34 orc wizards
  11 worker ants
  A killer bee zombie (D:9)
  A bullfrog simulacrum (D:9)
  A hound zombie (D:7)
  A howler monkey zombie (D:9)
  A worker ant zombie (D:5)
  14 gnolls (Bailey)
  A howler monkey skeleton (D:6)
  11 adders
  5 shadow imps
  8 white imps
  2 worker ant simulacra (D:9)
  10 ufetubi
  3 oozes
  An adder skeleton (D:8)
  4 worms
  A dart slug (D:2)
  3 leopard geckos
  88 orcs
  6 giant cockroaches
  9 goblins
  4 hobgoblins
  12 jackals
  4 quokkas
  A ball python (D:1)
  9 bats
  8 frilled lizards
  16 kobolds
  2 quokka skeletons (D:8)
  7 rats
  2 crawling corpses (Vaults:5)
  5 fungi
  A plant (Lair:2)
1984 creatures vanquished.

Vanquished Creatures (collateral kills)
  An ancient lich (Vaults:5)
  A lich (Depths:4)
  A storm dragon (Vaults:5)
  2 fire giants
  2 draconian annihilators (Depths:4)
  A stone giant (Depths:4)
  2 deep elf annihilators (Depths:4)
  A statue (Depths:4)
  2 great orbs of eyes (Depths:4)
  An ice dragon (Depths:4)
  A two-headed ogre (Vaults:5)
  A soul eater (Orc:2)
  A naga ritualist (Snake:3)
  A wizard (Depths:4)
  2 deep elf magi (Depths:4)
  2 black mambas (Snake:3)
  2 nagas (Snake:3)
  A spriggan simulacrum (Depths:4)
  An ice beast (D:5)
  A centaur (D:7)
27 creatures vanquished.

Vanquished Creatures (others)
  Nikola (Snake:1)
  5 stone giants
  A merfolk javelineer (Shoals:4)
  4 yaktaur captains
  A tengu warrior (Depths:2)
  A naga sharpshooter (Snake:4)
  A deep elf mage (Depths:4)
  6 yaktaurs
  3 boggarts (Depths:2)
  A hound (D:10)
  5 white imps (IceCv)
  3 ufetubi (IceCv)
  An orc (D:11)
  4 fire vortices (Depths:4)
  144 fulminant prisms
  14 fungi
  40 plants
235 creatures vanquished.

Grand Total: 2246 creatures vanquished

Notes
Turn   | Place    | Note
-------+----------+-------------------------------------------
     0 | D:1      | MatthieuS the Deep Elf Venom Mage began the quest for the Orb.
     0 | D:1      | Reached XP level 1. HP: 10/10 MP: 6/6
   156 | D:1      | Reached XP level 2. HP: 16/16 MP: 2/8
   515 | D:1      | Reached skill level 1 in Fighting
   747 | D:2      | Learned a level 2 spell: Poisonous Vapours
   907 | D:2      | Reached XP level 3. HP: 20/20 MP: 6/9
  1270 | D:2      | Noticed an ogre
  1277 | D:2      | Killed an ogre
  1277 | D:2      | Reached XP level 4. HP: 26/26 MP: 3/11
  1378 | D:2      | Learned a level 3 spell: Mephitic Cloud
  1383 | D:2      | Learned a level 4 spell: Olgreb's Toxic Radiance
  1622 | D:2      | Found a burning altar of Makhleb.
  1669 | D:2      | Reached XP level 5. HP: 30/30 MP: 8/12
  2147 | D:3      | Found a snail-covered altar of Cheibriados.
  2148 | D:3      | Found a blossoming altar of Fedhas.
  2954 | D:4      | Found a glowing golden altar of the Shining One.
  2989 | D:4      | Reached XP level 6. HP: 16/36 MP: 0/14
  3107 | D:4      | Found an opulent altar of Gozag.
  3825 | D:5      | Entered Level 5 of the Dungeon
  3881 | D:5      | Noticed an ice beast
  4724 | D:6      | Reached skill level 5 in Spellcasting
  4724 | D:6      | Reached XP level 7. HP: 41/41 MP: 16/16
  5007 | D:6      | Learned a level 5 spell: Venom Bolt
  5009 | D:6      | Learned a level 1 spell: Summon Small Mammal
  5103 | D:5      | Reached skill level 5 in Poison Magic
  5212 | D:5      | Noticed Ijyb
  5217 | D:5      | Killed Ijyb
  5355 | D:5      | Noticed Dowan
  5356 | D:5      | Noticed Duvessa
  5368 | D:5      | Killed Duvessa
  5385 | D:5      | Killed Dowan
  5970 | D:6      | Found a burning altar of Makhleb.
  5970 | D:6      | Noticed a balrug
  6002 | D:6      | Reached XP level 8. HP: 48/48 MP: 18/18
  6013 | D:6      | Found a deep blue altar of Sif Muna.
  6523 | D:7      | Reached skill level 5 in Fighting
  6544 | D:7      | Reached skill level 5 in Conjurations
  6777 | D:7      | Found a staircase to the Ecumenical Temple.
  6787 | Temple   | Entered the Ecumenical Temple
  6825 | Temple   | Became a worshipper of Vehumet
  6940 | D:7      | Learned a level 1 spell: Apportation
  6992 | D:7      | Reached XP level 9. HP: 37/55 MP: 21/22
  7063 | D:7      | Learned a level 4 spell: Fulminant Prism
  7373 | D:8      | Reached skill level 1 in Hexes
  7394 | D:8      | Noticed Caerwyn's ghost (novice OpTm)
  7491 | D:8      | Killed Caerwyn's ghost
  7491 | D:8      | Reached skill level 1 in Armour
  7624 | D:8      | Found an ancient bone altar of Kikubaaqudgha.
  7711 | D:8      | Noticed Joseph
  7878 | D:8      | Learned a level 3 spell: Dazzling Spray
  7909 | D:8      | Killed Joseph
  7909 | D:8      | Reached skill level 5 in Stealth
  7909 | D:8      | Reached skill level 1 in Shields
  8006 | D:8      | Reached XP level 10. HP: 57/61 MP: 3/24
  8186 | D:8      | Noticed a three-headed hydra
  8192 | D:8      | Reached skill level 5 in Hexes
  8201 | D:8      | Killed a three-headed hydra
  8201 | D:8      | Reached * piety under Vehumet
  8201 | D:8      | Offered knowledge of Shock by Vehumet.
  8303 | D:8      | Found Rafiras's Antique Armour Shop.
  8306 | D:8      | Bought a heavily jewelled robe for 171 gold pieces
  8316 | D:8      | Identified the +4 robe "Saesmae" {Dex+2} (You bought it in a shop on level 8 of the Dungeon)
  8332 | D:8      | Noticed an ice statue
  8394 | D:8      | Noticed Pikel
  8412 | D:8      | Killed Pikel
  8500 | D:8      | Found a staircase to the Lair.
  8517 | D:8      | Noticed a two-headed ogre
  8542 | D:8      | Killed a two-headed ogre
  9015 | Lair:1   | Entered Level 1 of the Lair of Beasts
  9176 | Lair:1   | Noticed Grum
  9220 | Lair:1   | Killed Grum
  9270 | Lair:1   | Identified the Incunabulum of Supportive Malediction
  9273 | Lair:1   | Noticed Nergalle
  9296 | Lair:1   | Killed Nergalle
  9387 | Lair:1   | Noticed Sonja
  9396 | Lair:1   | Killed Sonja
  9396 | Lair:1   | Reached XP level 11. HP: 56/67 MP: 25/25
 10053 | Lair:2   | Noticed an oklob plant
 10067 | Lair:2   | Killed an oklob plant
 10563 | Lair:2   | Identified a scroll of acquirement
 10794 | Lair:2   | Found a staircase to the Snake Pit.
 11028 | Lair:2   | Noticed Gastronok
 11043 | Lair:2   | Killed Gastronok
 11043 | Lair:2   | Reached skill level 10 in Spellcasting
 11043 | Lair:2   | Reached skill level 10 in Conjurations
 11720 | Lair:3   | Reached ** piety under Vehumet
 11720 | Lair:3   | Offered knowledge of Flame Tongue by Vehumet.
 11735 | Lair:3   | Reached XP level 12. HP: 71/73 MP: 28/28
 11911 | Lair:3   | Gained mutation: You are frail. (-10% HP) [potion of mutation]
 11911 | Lair:3   | Gained mutation: You can translocate small distances at will. [potion of mutation]
 11911 | Lair:3   | Gained mutation: You evolve. [potion of mutation]
 12140 | Lair:4   | Found the +0 Maxwell's etheric cage {RegenMP+ *Contam rElec MP+4}
 12256 | Lair:4   | Reached skill level 5 in Dodging
 12377 | Lair:4   | Learned a level 1 spell: Flame Tongue
 12381 | Lair:4   | Learned a level 3 spell: Stone Arrow
 12397 | Lair:4   | Found a staircase to the Shoals.
 12575 | Lair:4   | Noticed a death yak
 12579 | Lair:4   | Noticed a death yak
 12580 | Lair:4   | Noticed a death yak
 12583 | Lair:4   | Noticed a death yak
 12584 | Lair:4   | Killed a death yak
 12591 | Lair:4   | Killed a death yak
 12593 | Lair:4   | Killed a death yak
 12603 | Lair:4   | Killed a death yak
 12824 | Lair:4   | Lost mutation: You are frail. (-10% HP) [evolution]
 13160 | Lair:5   | Noticed a catoblepas
 13166 | Lair:5   | Killed a catoblepas
 13652 | Lair:5   | Noticed a five-headed hydra
 13671 | Lair:5   | Noticed a death yak
 13672 | Lair:5   | Noticed a death yak
 13675 | Lair:5   | Offered knowledge of Inner Flame by Vehumet.
 13690 | Lair:5   | Killed a death yak
 13758 | Lair:5   | Killed a death yak
 13758 | Lair:5   | Reached XP level 13. HP: 25/80 MP: 31/31
 14127 | Lair:6   | Entered Level 6 of the Lair of Beasts
 14225 | Lair:6   | Reached *** piety under Vehumet
 14263 | Lair:6   | Offered knowledge of Airstrike by Vehumet.
 14279 | Lair:6   | Lost mutation: You can translocate small distances at will. [evolution]
 14422 | Lair:6   | Reached **** piety under Vehumet
 14486 | Lair:6   | Offered knowledge of Fireball by Vehumet.
 14505 | Lair:6   | Learned a level 5 spell: Fireball
 14557 | Lair:6   | Reached skill level 1 in Fire Magic
 14781 | Lair:6   | Reached XP level 14. HP: 87/87 MP: 33/33
 14883 | Lair:6   | Reached skill level 10 in Fighting
 14916 | Lair:6   | Reached ***** piety under Vehumet
 15054 | Lair:6   | Offered knowledge of Poison Arrow by Vehumet.
 15069 | Lair:6   | Learned a level 6 spell: Poison Arrow
 15233 | Lair:6   | Gained mutation: Your flesh is cold resistant. (rC+) [evolution]
 15333 | Lair:6   | Found a staircase to the Slime Pits.
 15361 | Lair:6   | Lost mutation: Your flesh is cold resistant. (rC+) [potion of mutation]
 15361 | Lair:6   | Lost mutation: You evolve. [potion of mutation]
 15361 | Lair:6   | Gained mutation: You are robust. (+10% HP) [potion of mutation]
 15361 | Lair:6   | Gained mutation: Armour fits poorly on your strangely shaped body. [potion of mutation]
 15361 | Lair:6   | Gained mutation: Your muscles are strong. (Str +2) [potion of mutation]
 15701 | D:9      | Reached skill level 10 in Dodging
 15753 | D:9      | Found a flagged portal.
 15759 | Bailey   | Entered a bailey
 16390 | D:9      | Found a viscous altar of Jiyva.
 16523 | D:9      | Found a hide-covered altar of Uskayaw.
 16655 | D:9      | Offered knowledge of Bolt of Magma by Vehumet.
 16879 | D:10     | Entered Level 10 of the Dungeon
 16922 | D:10     | Noticed Fannar
 16935 | D:10     | Killed Fannar
 16971 | D:10     | Noticed Josephine
 16979 | D:10     | Killed Josephine
 17059 | D:10     | Noticed Snorg
 17075 | D:10     | Reached skill level 15 in Conjurations
 17120 | D:10     | Killed Snorg
 17179 | D:10     | Found a staircase to the Orcish Mines.
 17564 | Orc:1    | Entered Level 1 of the Orcish Mines
 17573 | Orc:1    | Noticed Erolcha
 17583 | Orc:1    | Killed Erolcha
 17686 | Orc:1    | Found Nousio's Needful Niceties.
 17939 | Orc:2    | Entered Level 2 of the Orcish Mines
 17978 | Orc:2    | Offered knowledge of Ozocubu's Refrigeration by Vehumet.
 18142 | Orc:2    | Found Litaaske's Food Shoppe.
 18147 | Orc:2    | Found Bukler's Magic Scroll Emporium.
 18168 | Orc:2    | Bought a ration for 65 gold pieces
 18168 | Orc:2    | Bought a ration for 65 gold pieces
 18410 | Orc:2    | Reached XP level 15. HP: 90/102 MP: 35/35
 18414 | Orc:2    | Paralysed by an orc sorcerer for 3 turns
 18464 | Orc:2    | Found Pirerigi's Antique Armour Shop.
 18464 | Orc:2    | Found Ehostrayl's Gadget Boutique.
 18464 | Orc:2    | Found a one-way gate leading to the halls of Pandemonium.
 18504 | Orc:2    | Bought a scroll of acquirement for 728 gold pieces
 18506 | Orc:2    | Got a transparent cloak
 18517 | Orc:2    | Identified the +0 cloak "Daorch" {*Corrode rElec rPois} (You acquired it on level 2 of the Orcish Mines)
 18685 | Orc:2    | Found a roughly hewn altar of Beogh.
 18786 | Orc:2    | Noticed an orc warlord
 18788 | Orc:2    | Killed an orc warlord
 19030 | Orc:2    | Found Licoinag's Antique Weapon Boutique.
 19126 | Orc:2    | Found a staircase to the Elven Halls.
 19572 | D:11     | Found a labyrinth entrance.
 19572 | D:11     | Found Pogry's Distillery.
 19583 | Lab      | Entered a labyrinth
 19875 | D:11     | Bought 2 potions of heal wounds for 150 gold pieces
 19875 | D:11     | Bought a potion of curing for 45 gold pieces
 19875 | D:11     | Bought a potion of curing for 45 gold pieces
 19875 | D:11     | Bought a potion of resistance for 150 gold pieces
 19875 | D:11     | Bought a potion of invisibility for 120 gold pieces
 20025 | D:11     | Reached ****** piety under Vehumet
 20178 | D:11     | Identified the Catalogue of Slime
 20488 | D:12     | Noticed RedSky's ghost (journeyman KoHu)
 20503 | D:12     | Killed RedSky's ghost
 20624 | D:12     | Noticed Rupert
 20628 | D:12     | Killed Rupert
 20628 | D:12     | Reached skill level 15 in Spellcasting
 20667 | D:12     | Offered knowledge of Bolt of Fire by Vehumet.
 21159 | D:13     | Noticed Nessos
 21161 | D:13     | Killed Nessos
 21749 | D:14     | Found a gate to the Vaults.
 21946 | D:14     | Learned a level 1 spell: Corona
 22226 | D:15     | Entered Level 15 of the Dungeon
 22290 | D:15     | Offered knowledge of Bolt of Cold by Vehumet.
 22424 | D:15     | Noticed Kirke
 22432 | D:15     | Killed Kirke
 22676 | D:15     | Reached XP level 16. HP: 111/111 MP: 37/37
 22707 | D:15     | Found a staircase to the Depths.
 22805 | D:15     | Found a sacrificial altar of Ru.
 23362 | Snake:1  | Entered Level 1 of the Snake Pit
 23457 | Snake:1  | Noticed Aizul
 23470 | Snake:1  | Killed Aizul
 23983 | Snake:1  | Noticed Roxanne
 24295 | Snake:1  | Killed Roxanne
 24297 | Snake:1  | Identified Roxanne's Collected Works on Changing (You took it off Roxanne on level 1 of the Snake Pit)
 25101 | Snake:1  | Reached skill level 5 in Shields
 25199 | Snake:1  | Noticed Nikola
 25206 | Snake:1  | Killed Nikola
 26109 | Snake:2  | Found Weafuck's Gadget Emporium.
 26110 | Snake:2  | Found Gicavuwu's Jewellery Boutique.
 26111 | Snake:2  | Found Okuxzy's Gadget Emporium.
 26127 | Snake:2  | Bought a +5 amulet of reflection for 865 gold pieces
 26331 | Snake:2  | Noticed Agnes
 26336 | Snake:2  | Killed Agnes
 27649 | Snake:3  | Offered knowledge of Conjure Ball Lightning by Vehumet.
 28074 | Shoals:1 | Entered Level 1 of the Shoals
 28198 | Shoals:1 | Found Taoffiugh's Jewellery Emporium.
 28243 | Shoals:1 | Reached XP level 17. HP: 118/118 MP: 39/39
 28603 | Shoals:2 | Found a frozen archway.
 28620 | IceCv    | Entered an ice cave
 29011 | IceCv    | Noticed an Ice Fiend
 29019 | IceCv    | Killed an Ice Fiend
 29054 | IceCv    | Noticed an Ice Fiend
 29068 | IceCv    | Killed an Ice Fiend
 29604 | Shoals:2 | Offered knowledge of Freezing Cloud by Vehumet.
 31318 | Shoals:4 | Entered Level 4 of the Shoals
 31538 | Shoals:4 | Noticed Donald
 31543 | Shoals:4 | Killed Donald
 31600 | Shoals:4 | Noticed Yaldabaoth's ghost (adept MiBe)
 31673 | Shoals:4 | Killed Yaldabaoth's ghost
 31795 | Shoals:4 | Offered knowledge of Lehudib's Crystal Spear by Vehumet.
 31795 | Shoals:4 | Offered knowledge of Shatter by Vehumet.
 31795 | Shoals:4 | Offered knowledge of Ignition by Vehumet.
 32057 | Shoals:4 | Learned a level 8 spell: Ignition
 32066 | Shoals:4 | Learned a level 8 spell: Infestation
 32082 | Shoals:4 | Reached XP level 18. HP: 127/127 MP: 42/42
 32088 | Shoals:4 | Identified the Tome of Ice and Lightness
 32228 | Shoals:4 | Noticed Ilsuiw
 32239 | Shoals:4 | Killed Ilsuiw
 32239 | Shoals:4 | Reached skill level 5 in Armour
 32529 | Shoals:4 | Reached skill level 5 in Fire Magic
 32795 | Shoals:4 | Got a barnacled rune of Zot
 32883 | Shoals:4 | Found the amulet of the Four Winds {rN+ MR+++ Clar}
 33250 | Snake:3  | Noticed Vashnia
 33775 | Snake:3  | Killed Vashnia
 34399 | Snake:4  | Entered Level 4 of the Snake Pit
 35632 | Snake:4  | Reached skill level 10 in Fire Magic
 35679 | Snake:4  | Identified the cursed +0 chain mail "Qixaikeg" {rC+ Int+4} (You took it off a salamander on level 4 of the Snake Pit)
 36439 | Snake:4  | Reached XP level 19. HP: 130/133 MP: 43/43
 37095 | Snake:4  | Got a serpentine rune of Zot
 37616 | Snake:4  | Reached skill level 10 in Shields
 37684 | Snake:4  | Got a slimy glass ring
 37904 | D:8      | Identified the ring of Ofis {rC+ rN+} (You took it off a naga mage on level 4 of the Snake Pit)
 38055 | Vaults:1 | Entered Level 1 of the Vaults
 38606 | Vaults:1 | Identified the +3 buckler of Pius {+Inv rN+ MR- Str+5} (You found it on level 1 of the Vaults)
 39383 | Vaults:1 | Reached XP level 20. HP: 139/139 MP: 44/44
 39510 | Vaults:1 | Reached XP level 21. HP: 145/145 MP: 38/45
 41335 | Vaults:2 | Reached skill level 15 in Fire Magic
 41435 | Vaults:2 | Found a portal to a secret trove of treasure.
 41505 | Vaults:2 | Learned a level 3 spell: Regeneration
 42831 | Vaults:3 | Identified the +10 dagger of the Morning {pierce, rPois Str+2} (You found it on level 3 of the Vaults)
 43082 | Vaults:3 | Found a staircase to the Crypt.
 43444 | Vaults:3 | Found Jeafruph's Magic Scroll Emporium.
 43452 | Vaults:3 | Bought a scroll of blinking for 90 gold pieces
 43452 | Vaults:3 | Bought a scroll of teleportation for 36 gold pieces
 43452 | Vaults:3 | Bought a scroll of fog for 24 gold pieces
 43808 | Vaults:4 | Reached skill level 15 in Shields
 43810 | Vaults:4 | Reached XP level 22. HP: 146/148 MP: 38/46
 44218 | Vaults:4 | Found Zoipn's Jewellery Emporium.
 44459 | Vaults:4 | Found a radiant altar of Vehumet.
 44968 | Vaults:4 | Reached skill level 1 in Charms
 44968 | Vaults:4 | Reached skill level 1 in Necromancy
 45423 | Vaults:5 | Entered Level 5 of the Vaults
 45426 | Vaults:5 | Reached skill level 5 in Necromancy
 45441 | Vaults:5 | Noticed a golden dragon
 45443 | Vaults:5 | Noticed a golden dragon
 45807 | Vaults:4 | Learned a level 8 spell: Necromutation
 45825 | Vaults:5 | Killed a golden dragon
 45827 | Vaults:5 | Killed a golden dragon
 45832 | Vaults:5 | Noticed a golden dragon
 45836 | Vaults:5 | Killed a golden dragon
 45836 | Vaults:5 | Reached XP level 23. HP: 99/158 MP: 33/47
 45842 | Vaults:5 | Noticed an ancient lich
 45851 | Vaults:5 | Killed an ancient lich
 45851 | Vaults:5 | Reached skill level 15 in Fighting
 46005 | Vaults:5 | Noticed an ancient lich
 46019 | Vaults:5 | HP: 5/158 [ancient lich/iron shot (60)]
 46033 | Vaults:5 | Killed an ancient lich
 46212 | Vaults:5 | Reached skill level 10 in Necromancy
 46287 | Vaults:4 | Got a wavering tin ring
 46289 | Vaults:4 | Identified the ring of Tiokabami {+Fly rPois rC- rN+ Str+3} (You acquired it on level 4 of the Vaults)
 46299 | Vaults:4 | Got a glittering turquoise ring
 46301 | Vaults:4 | Identified the ring "Luluntall" {+Fly MR++ Slay-5 Stlth+} (You acquired it on level 4 of the Vaults)
 46459 | Vaults:5 | Reached skill level 1 in Transmutations
 46734 | Vaults:5 | Got an iridescent dagger
 46735 | Vaults:5 | Identified the +7 dagger of Ravage {flame, *Drain rF+++ MR+ Stlth+} (You found it on level 5 of the Vaults)
 46742 | Vaults:5 | Got a silver rune of Zot
 46869 | Vaults:5 | Reached skill level 5 in Transmutations
 46973 | Vaults:5 | Noticed an ancient lich
 46981 | Vaults:5 | Killed an ancient lich
 47132 | Vaults:5 | Learned a level 4 spell: Cause Fear
 47328 | D:14     | Learned a level 7 spell: Orb of Destruction
 48291 | Depths:1 | Entered Level 1 of the Depths
 48291 | Depths:1 | Found a gateway to a ziggurat.
 48293 | Depths:1 | Reached XP level 24. HP: 167/167 MP: 47/47
 48792 | Depths:1 | Noticed Mara
 48799 | Depths:1 | Killed Mara
 49551 | Depths:1 | Found the +8 Wrath of Trog {antimagic, *Rage}
 50023 | Depths:1 | Found a gateway to Hell.
 50259 | Depths:2 | Noticed a juggernaut
 50269 | Depths:2 | Killed a juggernaut
 50278 | Depths:2 | Reached skill level 10 in Transmutations
 51281 | Depths:2 | Noticed Sojobo
 51293 | Depths:2 | Killed Sojobo
 51807 | Depths:2 | Found the +3 crown of Dyrovepreva {rElec Int+2 SInv}
 51854 | Depths:2 | Gained mutation: You are dopey. (Int -2) [mutagenic glow]
 51999 | Depths:2 | Lost mutation: You are robust. (+10% HP) [mutagenic glow]
 52024 | Depths:2 | Gained mutation: You occasionally shout uncontrollably at your foes. [mutagenic glow]
 52569 | Depths:3 | Reached skill level 15 in Necromancy
 52718 | Depths:3 | Found a snail-covered altar of Cheibriados.
 52719 | Depths:3 | Found a burning altar of Makhleb.
 52719 | Depths:3 | Found an ancient bone altar of Kikubaaqudgha.
 52763 | Depths:3 | Found a one-way gate to the infinite horrors of the Abyss.
 52773 | Depths:3 | Noticed Margery
 52777 | Depths:3 | Killed Margery
 53624 | Depths:3 | Reached XP level 25. HP: 157/157 MP: 48/48
 54064 | Depths:3 | Noticed a juggernaut
 54108 | Depths:3 | Killed a juggernaut
 54598 | Depths:3 | Got a sparkling bronze ring
 55526 | Depths:4 | Found a hide-covered altar of Uskayaw.
 55697 | Depths:4 | Noticed Frederick
 55703 | Depths:4 | Killed Frederick
 55858 | Depths:4 | Found a radiant altar of Vehumet.
 55936 | Depths:4 | Identified the Tome of Doomed Conjuration
 55952 | Depths:4 | Learned a level 5 spell: Agony
 56424 | Depths:5 | Entered Level 5 of the Depths
 56430 | Depths:5 | HP: 1/157 [acid (10)]
 56430 | Depths:5 | Annihilated by a caustic shrike

Vault maps used:
D:1:      lightli_arrival_quake
D:2:      kennysheep_big_flooded_room, nicolae_overflow_crystal_walls,
          minmay_misc_feat_more_columns, minmay_splitting_lines,
          grunt_decor_resistance
D:3:      minitemple, first_ration, grunt_ministairs_15, kennysheep_potato
D:4:      grunt_gozag_statues, tso_metal_star
D:5:      st_stairs_7, uniq_duvessa, uniq_ijyb
D:6:      led_sif_pool, makhleb_altar_promises_db
D:7:      minmay_temple_entry_overgrown
D:8:      cheibrodos_frozen_isle, kiku_gazebo_garden_becter, lair_entry_dummy,
          serial_shops, shop, hangedman_ranch, uniq_joseph, uniq_pikel
D:9:      eat_drink_and_be_merry_uskayaw, enter_bailey_2, serial_ice,
          serial_ice_e, serial_ice_k, serial_ice_b, serial_ice_h,
          hangedman_decor_opposing, jiyva_altar_1
D:10:     orc_0_dummy, uniq_fannar, uniq_josephine, uniq_snorg
D:11:     lab_entry_generic, serial_shops, shop, minivault_14, laboratory
D:12:     uniq_rupert
D:13:     uniq_nessos
D:14:     david_vaults_1
D:15:     grunt_enter_depths_magical_seal, nicolae_ru_sacrificial_ziggurat,
          wad_dig_loot, uniq_kirke
Temple:   dpeg_chambers_temple
Lair:1:   st_stairs_12, uniq_sonja, uniq_grum, uniq_nergalle
Lair:2:   guppyfry_snake_entry_island, nicolae_quartered_pool_super,
          minmay_lair_oklob_chamber, uniq_gastronok
Lair:4:   elwin_shoals_entry_rooms
Lair:5:   kennysheep_basilisk_garden, grunt_megastairs_1,
          infiniplex_staircase_pool, lemuel_fruit_tree, serial_bayou_shore_a
Lair:6:   minmay_lair_end_frog_pond, minmay_slime_entry_jelly_boxes,
          minivault_23
Shoals:1: serial_shops, shop_fountains
Shoals:2: portal_ice_cave_entry_pillars_1
Shoals:3: cheibrodos_shoals_epimethial_gifts,
          nicolae_shoals_stone_sculpture_thing
Shoals:4: shoals_end_simple, shoals_ilsuiw_ice, nicolae_shoals_square_sea_wall,
          uniq_donald
Snake:1:  uniq_nikola, uniq_aizul, uniq_roxanne
Snake:2:  dpeg_stationary_puzzle, minmay_shop_grove, basic_stair_grate_trap,
          uniq_agnes
Snake:3:  uniq_vashnia
Snake:4:  grunt_snake_rune_spirals, spider_trap
Orc:1:    nicolae_alphabet_shops, uniq_erolcha
Orc:2:    pf_orc_diabolical, serial_shops, nicolae_shop_behind_doors,
          basic_altar, elf_legates
Vaults:1: nicolae_vaults_little_squares_3, vaults_room_boxed, v_rooms_4, st_eye,
          v_misc_9, v_alt_pattern_3, vaults_dpeg_doors, hangedman_vaults_corner,
          v_rooms_1, v_alt_pattern_3, nicolae_vaults_specimen_jars,
          ontoclasm_vaults_decontamination, v_misc_11, vaults_dpeg_diagonal
Vaults:2: vaults_mumra_chevron, nicolae_vaults_border_crossing, st_lattice,
          vaults_dpeg_ring, nicolae_vaults_theta,
          nicolae_vaults_little_squares_2, vaults_room_hallway, enter_trove_3
Vaults:3: minmay_crypt_entry_simple_walls, vaults_room_door_hall,
          hangedman_vaults_corner_blocks, v_misc_16, vaults_dpeg_cross,
          vaults_standard_mumra_x, v_misc_2, nicolae_vaults_little_squares_6,
          v_misc_4, hangedman_vaults_maws, ontoclasm_vaults_spin, v_misc_16,
          nicolae_vaults_circle_grid_a, serial_shops,
          nicolae_shop_competitors_out_of_business
Vaults:4: nicolae_vaults_big_angled_halls, vaults_room_pool,
          nicolae_vaults_mini_display_case, st_diamondy,
          nicolae_vaults_windows_and_doors_thing, vaults_room_fancy_cross,
          v_misc_8, hangedman_vaults_snaps, ontoclasm_vaults_eye,
          hangedman_vaults_maws, nicolae_vaults_what_the_h,
          nicolae_vaults_shelves_hall, ontoclasm_vaults_ligature, basic_altar,
          serial_shops, nicolae_shop_stone
Vaults:5: serial_shops
Depths:1: enter_ziggurat_d, pf_coc_iceberg, wad_floor_pattern_untrapped,
          minmay_guarded_unrand_wrath_of_trog, kennysheep_random_hallway,
          uniq_mara
Depths:2: minmay_distorted_concentric_squares, grunt_pan_entry_in_and_out,
          kennysheep_nondescript, hangedman_geh_valley,
          minmay_guarded_unrand_dyrovepreva, infiniplex_staircase_pillars_1,
          uniq_sojobo
Depths:3: hangedman_slaughterboxes, serial_shops, hell_entry, abyss_entry,
          pan_entry, uniq_margery
Depths:4: evilmike_halls_of_destruction, kennysheep_flooded_box,
          serial_column_ruins, column_ruins_hut_ruined, column_ruins_grid_1,
          column_ruins_open_medium, column_ruins_columns_straight,
          column_ruins_open_tiny, column_ruins_grid_4,
          column_ruins_corridor_dead_end, column_ruins_columns_straight,
          hell_entry, hangedman_abyss_entry_splay, infiniplex_staircase_zigzag_2
Depths:5: grunt_crosshair, marbit_kobold_abyss_entry, serial_bayou_pond_c,
          grunt_hell_entry_dis_grunt
Lab:      labyrinth_mini_lab
Bailey:   bailey_polearm_gnolls_kennysheep, bailey
IceCv:    ice_cave_small_demon

Skill      XL: |  1  2  3  4  5  6  7  8  9 10 11 12 13 14 15 16 17 18 19 20 21 22 23 24 25 |
---------------+----------------------------------------------------------------------------+-----
Fighting       | 1 2 3 4 6 7 8 9 10 11 12 13 14 15 16 | 16.0
Stealth        | 3 5 |  5.4
Conjurations   | 2 3 4 5 6 8 10 12 14 15 16 17 18 | 18.4
Poison Magic   | 4 5 6 8 9 |  9.0
Spellcasting   | 4 5 7 8 10 12 13 14 15 16 18 19 20 | 20.0
Hexes          | 4 7 8 |  8.2
Armour         | 1 3 4 6 8 9 |  9.4
Shields        | 1 3 4 6 8 9 12 15 | 15.0
Dodging        | 4 7 9 10 11 | 11.1
Fire Magic     | 2 4 11 14 16 17 | 17.4
Charms         | 3 |  3.0
Necromancy     | 8 12 16 20 | 20.2
Transmutations | 7 11 | 11.0

Action                   |  1- 3 |  4- 6 |  7- 9 | 10-12 | 13-15 | 16-18 | 19-21 | 22-24 | 25-27 || total
-------------------------+-------+-------+-------+-------+-------+-------+-------+-------+-------++-------
Melee: Dagger            |    20 |    55 |   363 |    27 |       |       |       |     1 |       ||   466
       Staff             |       |       |       |     4 |     5 |     1 |       |     1 |       ||    11
 Cast: Sting             |    70 |    56 |    93 |    71 |       |       |       |       |       ||   290
       Poisonous Vapours |     1 |    55 |    77 |    58 |     6 |       |       |       |       ||   197
       Olgreb's Toxic Ra |       |     1 |     9 |    28 |    71 |     4 |    37 |       |       ||   150
       Mephitic Cloud    |       |     5 |     7 |       |       |       |     1 |       |       ||    13
       Summon Small Mamm |       |       |    36 |       |       |       |       |       |       ||    36
       Fulminant Prism   |       |       |     3 |    37 |    47 |    24 |    28 |     5 |       ||   144
       Dazzling Spray    |       |       |     2 |    18 |    34 |    19 |    11 |     8 |     1 ||    93
       Venom Bolt        |       |       |     1 |    57 |    25 |     2 |       |       |       ||    85
       Stone Arrow       |       |       |       |    25 |   354 |   221 |   110 |    70 |       ||   780
       Flame Tongue      |       |       |       |    12 |   127 |    86 |    75 |    23 |       ||   323
       Apportation       |       |       |       |     1 |    15 |     1 |       |       |       ||    17
       Fireball          |       |       |       |       |   109 |   104 |    88 |    34 |     6 ||   341
       Poison Arrow      |       |       |       |       |   126 |   490 |   266 |   387 |   135 ||  1404
       Ignition          |       |       |       |       |       |       |     9 |    64 |    18 ||    91
       Regeneration      |       |       |       |       |       |       |     2 |     2 |     2 ||     6
       Orb of Destructio |       |       |       |       |       |       |       |    63 |    69 ||   132
       Corona            |       |       |       |       |       |       |       |     1 |     2 ||     3
       Infestation       |       |       |       |       |       |       |       |       |    10 ||    10
 Abil: Blink             |       |       |       |     1 |     5 |       |       |       |       ||     6
Evoke: Wand              |       |       |    17 |       |       |       |       |       |       ||    17
       Fan of gales      |       |       |       |       |       |       |       |       |     2 ||     2
  Use: Scroll            |       |     7 |     5 |    16 |    12 |    12 |     7 |    15 |       ||    74
       Potion            |       |     1 |    11 |     3 |     9 |     3 |     1 |    16 |     1 ||    45
 Stab: Distracted        |       |       |     2 |       |       |       |       |       |       ||     2
       Paralysed         |       |       |     4 |       |       |       |       |       |       ||     4
       Invisible         |       |       |       |     2 |       |       |       |       |       ||     2
  Eat: Chunk             |     1 |     6 |    11 |     9 |    15 |    19 |    19 |    26 |    15 ||   121
       Ration            |       |     2 |       |     5 |    12 |    15 |     3 |     8 |     2 ||    47
Armor: Robe              |     6 |    17 |    46 |    14 |    10 |    25 |     8 |     7 |     6 ||   139
       Leather armour    |       |     1 |    35 |    24 |    34 |       |       |       |       ||    94
       Skin              |       |       |     8 |       |       |       |       |       |       ||     8
Dodge: Dodged            |    29 |    62 |   312 |   143 |   335 |   209 |   143 |    95 |    38 ||  1366
Block: Buckler           |       |       |    16 |    38 |    85 |     9 |       |       |       ||   148
       Shield            |       |       |       |       |       |   202 |   131 |   103 |    37 ||   473
       Reflection        |       |       |       |       |       |    74 |    25 |    45 |     5 ||   149

Table legend:
 A = Spawn XP
 B = Non-spawn XP
 C = Spawn XP percentage of total XP
 D = Spawn monster count
 E = Non-spawn monster count
 F = Spawn count percentage of total count
 G = Total turns spent on level
                    A         B        C        D         E        F      G
               +---------+---------+-------+---------+---------+-------+---------
         Total |       0 | 1164675 |   0.0 |       0 |    2023 |   0.0 | 56430
               +---------+---------+-------+---------+---------+-------+---------
           D:1 |       0 |      29 |   0.0 |       0 |      19 |   0.0 |   558
           D:2 |       0 |     197 |   0.0 |       0 |      23 |   0.0 |  1375
           D:3 |       0 |      87 |   0.0 |       0 |      24 |   0.0 |  1169
           D:4 |       0 |      93 |   0.0 |       0 |      10 |   0.0 |   723
           D:5 |       0 |     590 |   0.0 |       0 |      17 |   0.0 |   924
           D:6 |       0 |     697 |   0.0 |       0 |      25 |   0.0 |  1762
           D:7 |       0 |    1361 |   0.0 |       0 |      27 |   0.0 |   850
           D:8 |       0 |    8052 |   0.0 |       0 |      41 |   0.0 |  1821
           D:9 |       0 |    3250 |   0.0 |       0 |      46 |   0.0 |   807
          D:10 |       0 |    7521 |   0.0 |       0 |      40 |   0.0 |   785
          D:11 |       0 |    7536 |   0.0 |       0 |      44 |   0.0 |   671
          D:12 |       0 |    8056 |   0.0 |       0 |      20 |   0.0 |   460
          D:13 |       0 |    6041 |   0.0 |       0 |      39 |   0.0 |   838
          D:14 |       0 |    6896 |   0.0 |       0 |      20 |   0.0 |   749
          D:15 |       0 |   12446 |   0.0 |       0 |      33 |   0.0 |   977
        Lair:1 |       0 |    3160 |   0.0 |       0 |      12 |   0.0 |   910
        Lair:2 |       0 |    7096 |   0.0 |       0 |      18 |   0.0 |  1490
        Lair:3 |       0 |    2734 |   0.0 |       0 |      15 |   0.0 |   744
        Lair:4 |       0 |    5652 |   0.0 |       0 |      12 |   0.0 |  1110
        Lair:5 |       0 |   12387 |   0.0 |       0 |      36 |   0.0 |  1117
        Lair:6 |       0 |   34468 |   0.0 |       0 |     121 |   0.0 |  1319
      Shoals:1 |       0 |    9847 |   0.0 |       0 |      22 |   0.0 |   505
      Shoals:2 |       0 |   12920 |   0.0 |       0 |      27 |   0.0 |   642
      Shoals:3 |       0 |   28407 |   0.0 |       0 |      50 |   0.0 |  1371
      Shoals:4 |       0 |   39371 |   0.0 |       0 |      60 |   0.0 |  1544
       Snake:1 |       0 |   25297 |   0.0 |       0 |      33 |   0.0 |  2661
       Snake:2 |       0 |   17335 |   0.0 |       0 |      25 |   0.0 |  2127
       Snake:3 |       0 |   27865 |   0.0 |       0 |      45 |   0.0 |  1417
       Snake:4 |       0 |   85385 |   0.0 |       0 |     132 |   0.0 |  3189
         Orc:1 |       0 |    3847 |   0.0 |       0 |      40 |   0.0 |   404
         Orc:2 |       0 |   24342 |   0.0 |       0 |      89 |   0.0 |  1456
      Vaults:1 |       0 |   73681 |   0.0 |       0 |     107 |   0.0 |  2003
      Vaults:2 |       0 |   46934 |   0.0 |       0 |      94 |   0.0 |  2237
      Vaults:3 |       0 |   48071 |   0.0 |       0 |      80 |   0.0 |  1626
      Vaults:4 |       0 |   70409 |   0.0 |       0 |      99 |   0.0 |  2448
      Vaults:5 |       0 |  222108 |   0.0 |       0 |     160 |   0.0 |  1774
      Depths:1 |       0 |   45239 |   0.0 |       0 |      50 |   0.0 |  2106
      Depths:2 |       0 |   67302 |   0.0 |       0 |      65 |   0.0 |  2415
      Depths:3 |       0 |  130759 |   0.0 |       0 |     101 |   0.0 |  2382
      Depths:4 |       0 |   43564 |   0.0 |       0 |      44 |   0.0 |  1230
           Lab |       0 |    1085 |   0.0 |       0 |       1 |   0.0 |   264
        Bailey |       0 |    1229 |   0.0 |       0 |      30 |   0.0 |   485
         IceCv |       0 |   11329 |   0.0 |       0 |      27 |   0.0 |   919
               +---------+---------+-------+---------+---------+-------+---------
